 Dungeon Crawl Stone Soup version 0.24.0-123-gd5b16e6ec5 (webtiles) character file.

Game seed: 5522945658078812089, levelgen mode: deterministic

255 Enkuryo the Firebug (level 5, -1/35 HPs)
             Began as a Demonspawn Fire Elementalist on Jan 17, 2020.
             Slain by a gnoll
             ... wielding a +0 spear
              (5 damage)
             ... on level 4 of the Dungeon.
             The game lasted 00:29:16 (4580 turns).

Enkuryo the Firebug (Demonspawn Fire Elementalist)  Turns: 4580, Time: 00:29:18

Health: -1/35      AC:  6    Str:  8    XL:     5   Next: 91%
Magic:  0/10       EV: 15    Int: 19    God:
Gold:   129        SH:  0    Dex: 14    Spells: 6/10 levels left

rFire    + . .     SeeInvis .   (no weapon)
rCold    . . .     Gourm    .   (no shield)
rNeg     . . .     Faith    .   a - +2 robe
rPois    .         Spirit   +   j - +0 helmet
rElec    .         Reflect  .   (no cloak)
rCorr    .         Harm     .   l - +0 pair of gloves
MR       .....                  (no boots)
Stlth    ++........             (no amulet)
HPRegen  0.11/turn              b - +2 ring of intelligence
MPRegen  0.12/turn              i - ring of protection from fire

@: no status effects
A: repulsion field 1, powered by pain 1, magic shield
a: no special abilities


You were on level 4 of the Dungeon.
You were not hungry.

You visited 1 branch of the dungeon, and saw 4 of its levels.

You collected 129 gold pieces.

Inventory:

Armour
 a - a +2 robe (worn)
 j - a +0 helmet (worn)
 l - a +0 pair of gloves (worn)
Jewellery
 b - a +2 ring of intelligence (left hand)
 i - a ring of protection from fire (right hand)
Scrolls
 e - a scroll of identify
 m - a scroll of teleportation
Potions
 d - 2 potions of agility
 f - a potion of resistance
 g - a potion of heal wounds
 h - 2 potions of mutation {unknown}
 k - a potion of brilliance
Comestibles
 c - 6 rations


   Skills:
 + Level 2.6 Dodging
 + Level 2.6 Stealth
 * Level 3.3 Spellcasting
 * Level 2.8 Conjurations
 * Level 3.8 Fire Magic


You had 6 spell levels left.
You knew the following spells:

 Your Spells              Type           Power        Failure   Level  Hunger
a - Flame Tongue          Conj/Fire      ###..        3%          1    None
b - Conjure Flame         Conj/Fire      ###.....     11%         3    ###....

Your spell library contained the following spells:

 Spells                   Type           Power        Failure   Level  Hunger
 Throw Flame              Conj/Fire      ###...       5%          2    ##.....
 Inner Flame              Hex/Fire       ##......     21%         3    ###....
 Sticky Flame             Conj/Fire      ###.....     36%         4    ####...
 Fireball                 Conj/Fire      ###.......   71%         5    ######.


Dungeon Overview and Level Annotations

Branches:
Dungeon (4/15)
 Temple: D:4-7

Altars:


Innate Abilities, Weirdness & Mutations

You are surrounded by a mild repulsion field. (EV +2)
You sometimes gain a little power by taking damage.
When hurt, damage is shared between your health and your magic reserves.


Message History

The gnoll shaman hits you with a +0 club.
The gnoll misses you. The gnoll shaman barely misses you.
The gnoll barely misses you.
The gnoll shaman calls upon its god to speed up the gnoll.
The gnoll seems to speed up.
There is an open door here.
You close the door.
A gnoll opens the door.
Casting: Flame Tongue (safe; 3% risk of failure)
Confirm with . or Enter, or press ? or * to list all spells.
Aiming: Flame Tongue (safe; 3% risk of failure)
Press: ? - help, Shift-Dir - straight line, f/p - gnoll
Aim: a gnoll, wielding a +0 spear (moderately wounded, fast)
The flame tongue hits the gnoll shaman.
The gnoll shaman is lightly wounded.
The gnoll hits you from afar with a +0 spear!
* * * LOW HITPOINT WARNING * * *
The gnoll shaman calls upon its god to heal the gnoll.
The gnoll's wounds heal themselves!
The gnoll hits you from afar with a +0 spear.
You die...

........# ##>.. ........#
#..# ...# ........#####.##
#... #######........# #..#
#.)......# #..# #.)...l..#
#..# #.....g..####..##
#######g###.....# ######
#@###.....# ##
#....#######..##..<..####..##
#................#......P....
#.............##.............
####..........##.#...........
#..............##.#####.##
###########....##.# #
#....##.# #....##.#


You could see a gnoll shaman, a gnoll and a frilled lizard.

Vanquished Creatures
  A scorpion (D:3)
  A bullfrog skeleton (D:3)
  An orc wizard (D:3)
  2 gnolls (D:4)
  A howler monkey skeleton (D:4)
  4 adders
  An ooze (D:4)
  2 worms
  2 leopard geckos
  2 orcs (D:3)
  2 giant cockroaches
  10 goblins
  3 hobgoblins
  16 jackals
  3 quokkas
  13 bats
  6 frilled lizards
  A jackal skeleton (D:4)
  3 rats
74 creatures vanquished.

Notes
Turn   | Place    | Note
-------+----------+-------------------------------------------
     0 | D:1      | Enkuryo the Demonspawn Fire Elementalist began the quest
                  | for the Orb.
     0 | D:1      | Reached XP level 1. HP: 13/13 MP: 3/3
   206 | D:1      | Gained mutation: When hurt, damage is shared between your
                  | health and your magic reserves. [demonic ancestry]
   206 | D:1      | Reached XP level 2. HP: 17/19 MP: 0/5
  1568 | D:2      | Reached XP level 3. HP: 20/24 MP: 0/6
  1898 | D:2      | Learned a level 3 spell: Conjure Flame
  2766 | D:3      | Gained mutation: You sometimes gain a little power by
                  | taking damage. [demonic ancestry]
  2766 | D:3      | Reached XP level 4. HP: 23/30 MP: 0/8
  3537 | D:3      | Gained mutation: You are surrounded by a mild repulsion
                  | field. (EV +2) [demonic ancestry]
  3537 | D:3      | Reached XP level 5. HP: 35/35 MP: 5/9
  4580 | D:4      | Slain by a gnoll

Levels and vault maps discovered:
D:1:      lightli_molten_gateway, layout_loops_ring
D:2:      layout_loops_ring, serial_rivers, chequers_serial_rivers_marsh,
          chequers_serial_rivers_room_a, chequers_serial_rivers_small_3,
          chequers_serial_rivers_small_3
D:3:      layout_loops_cross
D:4:      corexii_shantytown, layout_basic, nicolae_overflow_quartered_altars,
          ebering_ghost_disaster_area

Skill      XL: |  1  2  3  4 |
---------------+-------------+-----
Stealth        | 2 |  2.6
Fire Magic     | 3 |  3.8
Dodging        | 2 |  2.6
Conjurations   | 2 |  2.8
Spellcasting   | 3 |  3.3

Action                   |  1- 3 |  4- 6 || total
-------------------------+-------+-------++-------
Melee: Unarmed           |    25 |     4 ||    29
 Cast: Flame Tongue      |    63 |    83 ||   146
       Conjure Flame     |     3 |     3 ||     6
  Use: Scroll            |    11 |     2 ||    13
       Potion            |     2 |     3 ||     5
  Eat: Chunk             |     6 |     5 ||    11
       Ration            |       |     1 ||     1
Armor: Robe              |    16 |    33 ||    49
Dodge: Dodged            |    36 |    60 ||    96
